 Dungeon Sprint DCSS version 0.30-a0-949-g53dc5368d7 (webtiles) character file.

Game seed: 5272977210394943967

53 BigDaddyOpFi the Eye of the Storm (level 3, -13/30 HPs)
             Began as a Demonspawn Fighter on Mar 27, 2023.
             Was a Priest of Qazlal.
             Killed by divine providence
             ... invoked by an orc priest
              (16 damage)
             ... in the Dungeon (Sprint VII: "The Pits").
             The game lasted 00:00:36 (405 turns).

BigDaddyOpFi the Eye of the Storm (DsFi)             Turns: 405, Time: 00:00:36

Health: -13/30     AC:  9    Str: 18    XL:     3   Next: 62%
Magic:  4/6        EV:  9    Int:  9    God:    Qazlal [***...]
Gold:   0          SH: 12    Dex: 12    Spells: 2/2 levels left

rFire   . . .      SeeInvis .    a - +0 war axe
rCold   . . .      Faith    .    c - +0 buckler
rNeg    . . .      Spirit   .    b - +0 scale mail
rPois   .          Reflect  .    (no helmet)
rElec   .          Rampage  .    (no cloak)
rCorr   .          NoTele   +    (no gloves)
Will    .....                    (no boots) Stlth
                                 (no amulet)
HPRegen 0.25/turn                (no ring)
MPRegen 0.10/turn                (no ring)

@: no status effects
A: thin metallic scales 1, condensation shield
a: Renounce Religion, Upheaval, Elemental Force


You were in the Dungeon.
You worshipped Qazlal.
Qazlal was most pleased with you.
You visited 1 branch

Inventory:

Hand Weapons
 a - a +0 war axe (weapon)
Armour
 b - a +0 scale mail (worn)
 c - a +0 buckler (worn)
Scrolls
 j - a scroll of blinking
Potions
 d - a potion of might
 g - a potion of haste
 h - 4 potions of magic
 i - 3 potions of berserk rage
 k - 2 potions of invisibility


   Skills:
 + Level 4.2 Fighting
 + Level 3.2 Axes
 + Level 3.9 Armour
 + Level 3.8 Shields
 * Level 4.6 Invocations


You had 2 spell levels left.
You didn't know any spells.
Your spell library was empty.

Dungeon Overview and Level Annotations

Branches:
Dungeon (1/1)

Altars:
Ashenzari
Cheibriados
Dithmenos
Fedhas
Gozag
Hepliaklqana
Kikubaaqudgha
Makhleb
Nemelex Xobeh
Okawaru
Qazlal
Ru
Sif Muna
Trog
Uskayaw
Vehumet
Wu Jian
Xom
Yredelemnul
Jiyva
Lugonu


Innate Abilities, Weirdness & Mutations

You are partially covered in thin metallic scales. (AC +2)
A meltable shield of frost defends you. (SH +4)


Message History

The ufetubus hits you.
Your Fighting skill increases to level 4!
Your Axes skill increases to level 3!
Your Invocations skill increases to level 4!
You have reached level 3!
Your experience leads to an increase in your attributes!
Increase (S)trength, (I)ntelligence, or (D)exterity?
You feel stronger. x2; Your demonic ancestry asserts itself...
Frost condenses into a shield before you.
You closely miss the ufetubus.
The ufetubus is severely wounded.
You hit something. You block the ufetubus's attack.
The ufetubus hits you but does no damage.
You block the ufetubus's attack. The ufetubus barely misses you.
You hit the ufetubus but do no damage.
The ufetubus is severely wounded.
You closely miss something. You block the ufetubus's attack.
The ufetubus completely misses you. Something hits you but does no damage.
A kobold comes into view. It is wielding a +0 club.
The ufetubus hits you. You block the ufetubus's attack.
You closely miss the ufetubus.
The ufetubus is severely wounded.
You slash something! You hit the orc. The ufetubus hits you. x2
Something hits you but does no damage. The orc hits you with a +0 morningstar.
* * * LOW HITPOINT WARNING * * *
You block the ufetubus's attack. The ufetubus hits you.
* * * LOW HITPOINT WARNING * * *
Something hits you but does no damage. The orc hits you but does no damage.
You barely miss the ufetubus.
The ufetubus is severely wounded.
You closely miss the orc. You slash something! Qazlal accepts your kill.
You can now give life to nearby clouds.
Reactivating autopickup.
You feel a bit more experienced. The ufetubus barely misses you.
The ufetubus hits you but does no damage.
A frilled lizard comes into view.
The orc priest invokes the aid of Beogh against you.
Beogh smites you!
Ouch! That really hurt!
You die...

##########'##........
#.?(.')))'.##......#.
##########.##........
#...........'........
#+#####÷#####......#.
#..#..# #........
#.)'..# ####'####
#○.#### #.......#
#o@# #.......# #5)#
#.......# ##o#
#...<...#


.Kl #.......# #...o #.......# ###### #.......# ######### You could see an orc
priest, an orc, an ufetubus, a kobold and a frilled lizard (wandering).

Vanquished Creatures
  2 orc wizards (D)
  A gnoll (D)
  An ufetubus (D)
  An orc (D)
  A giant cockroach (D)
  4 jackals (D)
  A quokka skeleton (D)
11 creatures vanquished.

Notes
Turn   | Place    | Note
-------+----------+-------------------------------------------
     0 | D        | BigDaddyOpFi the Demonspawn Fighter began the quest for the
                  | Orb.
     0 | D        | Reached XP level 1. HP: 18/18 MP: 1/1
    15 | D        | Found a bloodstained altar of Trog.
    15 | D        | Found a shimmering blue altar of Sif Muna.
    15 | D        | Found a viscous altar of Jiyva.
    15 | D        | Found a hazy altar of Hepliaklqana.
    15 | D        | Found an opulent altar of Gozag.
    16 | D        | Found a basalt altar of Yredelemnul.
    16 | D        | Found a shimmering altar of Xom.
    16 | D        | Found an ornate altar of the Wu Jian Council.
    16 | D        | Found a sacrificial altar of Ru.
    16 | D        | Found a stormy altar of Qazlal.
    16 | D        | Found an iron altar of Okawaru.
    16 | D        | Found a sparkling altar of Nemelex Xobeh.
    16 | D        | Found a burning altar of Makhleb.
    16 | D        | Found a blossoming altar of Fedhas.
    16 | D        | Found a shadowy altar of Dithmenos.
    16 | D        | Found a snail-covered altar of Cheibriados.
    17 | D        | Found a radiant altar of Vehumet.
    17 | D        | Found a corrupted altar of Lugonu.
    18 | D        | Found a hide-covered altar of Uskayaw.
    18 | D        | Found an ancient bone altar of Kikubaaqudgha.
    18 | D        | Found a broken altar of Ashenzari.
    22 | D        | Became a worshipper of Qazlal Stormbringer
    48 | D        | Reached * piety under Qazlal
   190 | D        | Reached skill level 1 in Invocations
   191 | D        | Reached ** piety under Qazlal
   192 | D        | Gained mutation: You are partially covered in thin metallic
                  | scales. (AC +2) [demonic ancestry]
   192 | D        | Reached XP level 2. HP: 25/25 MP: 1/3
   402 | D        | Gained mutation: A meltable shield of frost defends you.
                  | (SH +4) [demonic ancestry]
   402 | D        | Reached XP level 3. HP: 15/30 MP: 4/6
   405 | D        | Reached *** piety under Qazlal
   405 | D        | Killed from afar by an orc priest

Illustrated notes

Levels and vault maps discovered:
D:        pitsprint [storerooms_1, entrance_room_1, metal_vault_2, armoury_2,
          mini_pit_1, grid_room_1, main_hall_1, silver_pit, the_coven_3,
          the_vestibule_1, steel_vault_2, golden_pit, hallway_of_sentries,
          crystal_vault_5, iron_vault_1, final_vault]

Skill      XL: |  1  2 |
---------------+-------+-----
Axes           | 2 3 |  3.2
Armour         | 3 |  3.9
Shields        | 3 |  3.8
Invocations    | 2 4 |  4.6
Fighting       | 4 |  4.2

Action                     || total
---------------------------++-------
  Melee: War axe           ||    43
    Use: Potion            ||     2
 Armour: Scale mail        ||    51
  Dodge: Dodged            ||    25
  Block: Buckler           ||    19

Table legend: (Time is in decaauts)
 A = Elapsed time spent in this place.
 B = Non-inter-level travel time spent in this place.
 C = Inter-level travel time spent in this place.
 D = Time resting spent in this place.
 E = Time spent auto-exploring this place.
 F = Levels seen in this place.
 G = Mean time per level.
                   A        B        C        D        E       F      G
               +--------+--------+--------+--------+--------+-----+--------+
         Total |    422 |    422 |      0 |    306 |      0 |   1 |  422.0 |
       Dungeon |    422 |    422 |      0 |    306 |      0 |   1 |  422.0 |
               +--------+--------+--------+--------+--------+-----+--------+

Top non-repeatable levels by time:
       D: 422 daAuts
